 Dungeon Crawl Stone Soup version 0.30-a0-918-g0ff054e9dc (webtiles) character file.

Game seed: 3677011752335603852

107065 Axe the Fencer (level 15, -3/128 HPs)
             Began as a Minotaur Monk on Mar 19, 2023.
             Was the Champion of Hepliaklqana.
             Slain by a spark wasp (17 damage)
             ... on level 2 of the Spider Nest on Mar 21, 2023.
             The game lasted 00:47:42 (29682 turns).

Axe the Fencer (Minotaur Monk)                     Turns: 29682, Time: 00:47:42

Health: -3/128     AC: 24    Str: 17    XL:     15   Next: 99%
Magic:  14/14      EV: 14    Int:  7    God:    Hepliaklqana [******]
Gold:   1884       SH: 20    Dex: 19    Spells: 14/14 levels left

rFire   . . .      SeeInvis .    K - +1 scimitar (flame)
rCold   . . .      Faith    .    v - +1 kite shield {rN+}
rNeg    + + .      Spirit   .    N - +8 chain mail of the Abyss {rN+}
rPois   +          Reflect  +    (helmet restricted)
rElec   .          Rampage  .    x - +0 cloak
rCorr   .                        M - +0 pair of gloves
Will    +....                    D - +2 pair of boots Stlth
                                 P - amulet of reflection
HPRegen 0.41/turn                m - +4 ring of protection
MPRegen 0.14/turn                B - ring of poison resistance

@: spiked, corroded
A: reduced essence, horns 2, retaliatory headbutt
a: Renounce Religion, Recall Ancestor, Ancestor Identity, Transference, Idealise


You were on level 2 of the Spider Nest.
You worshipped Hepliaklqana.
Hepliaklqana was exalted by your worship.
You visited 4 branches of the dungeon, and saw 24 of its levels.
You also visited: Gauntlet and Volcano.

You collected 2521 gold pieces.
You spent 637 gold pieces at shops.

Inventory:

Hand Weapons
 K - a +1 scimitar of flaming (weapon)
Missiles
 u - 8 javelins (quivered)
Armour
 v - a +1 kite shield of positive energy (worn)
 x - a +0 cloak (worn)
 D - a +2 pair of boots (worn)
 M - a +0 pair of gloves (worn)
 N - the +8 chain mail of the Abyss (worn) {rN+}
   (You took it off a minotaur in a Gauntlet)

   rN:        It protects you from negative energy.
Jewellery
 m - a +4 ring of protection (left hand)
 n - a ring of protection from cold
 B - a ring of poison resistance (right hand)
 J - a +5 ring of evasion
 P - an amulet of reflection (around neck)
Wands
 j - a wand of flame (15)
 r - a wand of paralysis (23)
 y - a wand of iceblast (10)
 E - a wand of polymorph (18)
 F - a wand of digging (5)
Scrolls
 b - 7 scrolls of teleportation
 d - 4 scrolls of fog
 e - 14 scrolls of identify
 f - 2 scrolls of torment
 i - 4 scrolls of vulnerability
 q - 2 scrolls of poison
 C - 2 scrolls of enchant armour
 H - a scroll of brand weapon
 I - 6 scrolls of enchant weapon
 O - 3 scrolls of amnesia
 T - 2 scrolls of magic mapping
Potions
 a - 5 potions of heal wounds
 c - 7 potions of ambrosia
 g - 2 potions of magic
 h - 19 potions of curing
 k - 3 potions of mutation
 l - 4 potions of might
 o - 3 potions of haste
 p - 6 potions of attraction
 s - 2 potions of cancellation
 t - 4 potions of berserk rage
 w - 4 potions of lignification
 z - 3 potions of brilliance
 A - 3 potions of invisibility
 G - 3 potions of flight
Miscellaneous
 Q - a phantom mirror


   Skills:
 + Level 15.6 Fighting
 - Level 19.6 Long Blades
 + Level 15.3 Armour
 + Level 14.6 Dodging
 - Level 1.5 Stealth
 - Level 15.0 Shields
 * Level 3.1 Evocations


You had 14 spell levels left.
You didn't know any spells.
Your spell library contained the following spells:

 Spells                   Type           Power      Damage    Failure   Level
 Kiss of Death            Conj/Necr      0%         2d5       99%         1
 Lesser Beckoning         Tloc           0%         N/A       100%        2
 Confusing Touch          Hex            0%         N/A       100%        3
 Dazzling Flash           Conj/Hex       0%         N/A       100%        3
 Gell's Gravitas          Tloc           0%         N/A       100%        3
 Inner Flame              Hex/Fire       0%         N/A       100%        3
 Ozocubu's Armour         Ice            0%         N/A       100%        3
 Teleport Other           Tloc           0%         N/A       100%        3
 Tukima's Dance           Hex            0%         N/A       100%        3
 Cause Fear               Hex            0%         N/A       100%        4
 Dispel Undead            Necr           0%         3d6       100%        4
 Flame Wave               Conj/Fire      0%         2d4       100%        4
 Iskenderun's Mystic Bla  Conj/Tloc      0%         2d3       100%        4
 Passage of Golubria      Tloc           0%         N/A       100%        4
 Petrify                  Tmut/Erth      0%         N/A       100%        4
 Sticky Flame             Conj/Fire      0%         2d3       100%        4
 Metabolic Englaciation   Hex/Ice        0%         N/A       100%        5
 Yara's Violent Unravell  Hex/Tmut       0%         3d3       100%        5
 Simulacrum               Ice/Necr       0%         N/A       100%        6
 Starburst                Conj/Fire      0%         6d3       100%        6
 Statue Form              Tmut/Erth      0%         N/A       100%        6
 Dragon Form              Tmut           0%         N/A       100%        7
 Dragon's Call            Summ           0%         N/A       100%        9


Dungeon Overview and Level Annotations

Branches:
Dungeon (15/15)            Temple (0/1) D:6            Lair (5/5) D:9
 Shoals (0/4) Lair:2       Spider (2/4) Lair:3        Slime (0/5) Lair:5
    Orc (2/2) D:11            Elf (0/3) Orc:2        Vaults (0/5) D:14
Volcano (visited)         Gauntlet (visited)
 Depths: D:15

Altars:
Fedhas
Gozag
Hepliaklqana
Nemelex Xobeh
Okawaru
Wu Jian
The Shining One
Jiyva

Shops:
D:11 ((   D:15 !   Orc:2 (([(

Portals:
Ice
Cave: Spider:2

Annotations:
D:5 3 runed translucent doors, buddhastalin's ghost, novice DsBe
D:10 1 runed translucent door, patfeehan111222's ghost, novice MiBe
Lair:5 exclusion: obsidian statue
Spider:1 3 runed translucent doors, monoptic's ghost, adept FoFi


Innate Abilities, Weirdness & Mutations

Your life essence is reduced to manifest your ancestor. (-10% HP)
You have a pair of horns on your head.
You reflexively headbutt those who attack you in melee.


Message History

The redback is poisoned.
You barely miss the redback. Your headbutt misses the redback.
You block the entropy weaver's attack. x3
The entropy weaver closely misses you.
The redback is engulfed in poison gas.
The redback looks even sicker.
The culicivora bites Marzena!!
The spark wasp stings you! The spark wasp shocks you!
The redback bites you but does no damage.
Marzena hits the spark wasp with a +0 quarterstaff!
The steelbarb worm misses you. The demonic crawler barely misses you.
The demonic crawler closely misses you. The demonic crawler barely misses you.
You slash the entropy weaver! You burn the entropy weaver.
The entropy weaver is heavily wounded.
The redback is engulfed in poison gas.
The redback looks even sicker.
The culicivora is healed somewhat.
The culicivora bites you! The spark wasp stings you! The spark wasp shocks you!
You block the redback's attack.
The entropy weaver casts a spell at you.
The entropic weave corrodes you! You block the steelbarb worm's attack.
The demonic crawler barely misses you. You furiously retaliate!
You headbutt the demonic crawler! You block the demonic crawler's attack.
The demonic crawler hits you but does no damage.
Marzena hits the spark wasp with a +0 quarterstaff!!
You barely miss the entropy weaver.
The entropy weaver is heavily wounded.
You block the redback's attack. The culicivora bites you!
* * * LOW HITPOINT WARNING * * *
The culicivora draws strength from your injuries!
You block the spark wasp's attack.
The entropy weaver casts a spell at you.
The entropic weave corrodes you! The steelbarb worm hits you.
* * * LOW HITPOINT WARNING * * *
Barbed spikes become lodged in your body.
The demonic crawler hits you.
* * * LOW HITPOINT WARNING * * *
The demonic crawler hits you but does no damage.
The demonic crawler barely misses you.
Marzena barely misses the spark wasp.
The redback is healed somewhat.
The spark wasp stings you!!
* * * LOW HITPOINT WARNING * * *
The spark wasp shocks you!
You die...

# .. §§ §#§§§.#
§## ##§§§§#§. #☼
§§ #§§#§☼☼§. ^§§
#§##§§§§§§§.
.§§§##§☼#§☼§§§§§.
#§§§#§ss§§§§#§.
#§§syws§☼§§§.
#§☼R@ss§§#.
#§§§#§§sB§☼§§.§#
###§☼§§§§§#§§§§.
####§#§§§§§§§.
#§.§§§§§.§.
§#.§§§#§§§. .§
.§§§§§§§.
#§§.>§§§§§☼§


You could see the friendly Marzena the battlemage, an entropy weaver, a
steelbarb worm, a spark wasp, a demonic crawler, 3 culicivoras and 3 redbacks.

Vanquished Creatures
  A broodmother (Spider:1)
  A minotaur (Gauntlet)
  4 dire elephants
  Snorg (D:10)
  A fire dragon (D:15)
  Erolcha (D:13)
  8 hydras
  Fannar (Lair:1)
  2 centaur warriors
  A two-headed ogre (D:14)
  A catoblepas (Lair:4)
  A tengu warrior (D:15)
  4 death yaks
  7 skeletal warriors
  A skyshark (Lair:3)
  A pharaoh ant (Lair:3)
  A spectral anaconda (Lair:5)
  2 wizards
  A lindwurm (Lair:5)
  2 necromancers (Lair:5)
  3 orc sorcerers
  A steelbarb worm (Spider:1)
  4 orc knights
  2 cyclopes
  An ugly thing (Volcano)
  10 elephants
  3 wolf spiders (Spider:1)
  5 black mambas
  A rust devil (Gauntlet)
  Joseph (D:7)
  A molten gargoyle (Volcano)
  2 torpor snails
  A smoke demon (Volcano)
  An unseen horror (D:11)
  3 rime drakes (Lair:4)
  A minotaur zombie (Gauntlet)
  8 cane toads
  2 freezing wraiths (D:14)
  An efreet (D:13)
  6 komodo dragons
  A red devil (Volcano)
  2 meliai (D:13)
  A polar bear (Lair:4)
  A queen bee (D:12)
  6 trolls
  2 tarantellas (Spider:1)
  20 blink frogs
  2 spectral elephants (Lair:5)
  A hornet (Lair:4)
  A dream sheep (shapeshifter) (D:10)
  3 slime creatures (D:14)
  3 dream sheep (Lair:2)
  6 jumping spiders
  A dire elephant simulacrum (Lair:5)
  A spriggan (Lair:3)
  2 culicivoras (Spider:1)
  4 wyverns
  2 wraiths
  A shadow (D:5)
  A fire bat (Volcano)
  36 yaks
  10 redbacks
  2 basilisks
  2 vampire mosquitoes (D:9)
  2 steam dragons
  A death yak simulacrum (Lair:5)
  The ghost of MrSquiggles the Sneak, an amateur OpDe of Fedhas (D:6)
  3 wargs
  9 water moccasins
  3 spectral cane toads (Lair:5)
  5 acid dragons
  26 orc warriors
  A hell hound (Volcano)
  2 ice beasts (D:6)
  A sky beast (D:7)
  4 ogres (Orc:1)
  8 black bears
  6 wolves
  14 centaurs
  An elephant skeleton (Lair:5)
  A kobold brigand (D:8)
  4 bullfrogs
  2 gnoll sergeants
  A scorpion (D:6)
  An elephant simulacrum (Lair:5)
  17 killer bees
  2 howler monkeys (D:9)
  An electric eel (Lair:4)
  2 lava snakes (Volcano)
  2 iron imps (Gauntlet)
  A gnoll bouda (D:6)
  A jelly (D:8)
  Crazy Yiuf (D:5)
  11 orc priests
  3 iguanas
  Terence (D:2)
  6 orc wizards
  5 hell rats (Lair:3)
  13 gnolls
  7 river rats (Lair:3)
  2 adders (D:3)
  2 shadow imps (Gauntlet)
  3 white imps
  An ufetubus (D:6)
  3 worms (D:2)
  A dart slug (D:2)
  35 orcs
  8 endoplasms
  3 giant cockroaches
  6 goblins
  2 hobgoblins
  4 jackals (D:3)
  9 kobolds
  10 quokkas
  3 ball pythons
  4 bats
  5 frilled lizards
  10 rats
490 creatures vanquished.

Vanquished Creatures (collateral kills)
  A dire elephant (Lair:5)
  An entropy weaver (Spider:1)
  2 two-headed ogres
  A boulder beetle (D:11)
  2 tengu warriors (D:14)
  3 death yaks
  A spectral dire elephant (Lair:5)
  2 centaur warriors
  A spectral death yak (Lair:5)
  Sonja (D:11)
  2 skysharks
  2 skeletal warriors
  An orb spider (Spider:1)
  A lindwurm (Lair:4)
  An orc sorcerer (Orc:1)
  2 manticores
  A necromancer (Lair:5)
  An oklob plant (Lair:5)
  2 cyclopes
  An ugly thing (D:11)
  9 elephants
  A dire elephant zombie (Lair:5)
  A black mamba (Lair:1)
  A molten gargoyle (Volcano)
  Psyche (D:8)
  5 cane toads
  2 gargoyles
  An unseen horror (D:12)
  A rime drake (Lair:5)
  2 komodo dragons
  4 trolls
  2 meliai
  A polar bear (Lair:3)
  4 tarantellas
  9 blink frogs
  A dream sheep (Lair:2)
  A slime creature (D:14)
  2 jumping spiders (Spider:1)
  2 culicivoras (Spider:1)
  A vampire (D:9)
  A wyvern (Lair:2)
  4 basilisks
  A fire bat (Volcano)
  A ynoxinul (Gauntlet)
  6 yaks
  Grum (D:8)
  An acid dragon (D:10)
  12 redbacks
  A water moccasin (Lair:5)
  A spectral cane toad (Lair:5)
  A hell hound (Volcano)
  7 black bears
  7 orc warriors
  An ice beast (D:6)
  4 ogres
  2 wolves
  4 centaurs
  3 bullfrogs
  2 kobold brigands
  A cane toad simulacrum (Lair:5)
  2 scorpions
  12 killer bees
  2 howler monkeys (D:9)
  4 lava snakes (Volcano)
  3 hounds
  A gnoll bouda (D:8)
  2 jellies (Lair:5)
  8 orc priests
  2 sleepcaps
  2 iguanas
  10 orc wizards
  4 hell rats (Lair:3)
  An adder (D:5)
  7 gnolls
  4 river rats (Lair:3)
  2 white imps (D:6)
  A howler monkey simulacrum (D:6)
  An ufetubus (D:4)
  24 orcs
  2 ball pythons (D:4)
  A giant cockroach (D:4)
  A goblin (D:4)
  2 hobgoblins (D:4)
  2 quokkas (Lair:3)
  10 kobolds
  5 rats (Lair:3)
256 creatures vanquished.

Vanquished Creatures (others)
  Nessos (Lair:5)
  28 battlemagi
  9 fungi
  22 plants
  9 toadstools (Lair:4)
  18 withered plants (Lair:5)
87 creatures vanquished.

Grand Total: 833 creatures vanquished

Notes
Turn   | Place    | Note
-------+----------+-------------------------------------------
     0 | D:1      | Axe the Minotaur Monk began the quest for the Orb.
     0 | D:1      | Reached XP level 1. HP: 19/19 MP: 0/0
   701 | D:1      | Reached XP level 2. HP: 27/27 MP: 1/1
   745 | D:1      | Reached skill level 4 in Long Blades
  1100 | D:2      | Reached skill level 1 in Armour
  1109 | D:2      | Noticed Terence
  1120 | D:2      | Killed Terence
  1121 | D:2      | Reached XP level 3. HP: 15/33 MP: 2/2
  1652 | D:2      | Reached XP level 4. HP: 36/40 MP: 3/3
  2194 | D:3      | Reached skill level 5 in Long Blades
  2573 | D:3      | Found a faded altar of an unknown god.
  2585 | D:3      | Reached XP level 5. HP: 42/47 MP: 4/4
  2596 | D:3      | Prayed at the altar of an unknown god.
  2596 | D:3      | Became a worshipper of Hepliaklqana the Forgotten
  2596 | D:3      | Reached * piety under Hepliaklqana
  2596 | D:3      | Reached ** piety under Hepliaklqana
  2598 | D:3      | Remembered your ancestor Marzena as a battlemage
  2934 | D:4      | Noticed a black bear
  2940 | D:4      | Killed a black bear
  3109 | D:4      | Reached XP level 6. HP: 45/49 MP: 5/5
  3110 | D:4      | Reached skill level 6 in Long Blades
  3119 | D:4      | Reached *** piety under Hepliaklqana
  3253 | D:4      | Reached skill level 5 in Fighting
  3422 | D:5      | Entered Level 5 of the Dungeon
  3424 | D:5      | Noticed an orc warrior
  3434 | D:4      | Killed an orc warrior
  3463 | D:5      | Reached XP level 7. HP: 54/54 MP: 6/6
  3469 | D:5      | Reached skill level 5 in Dodging
  3476 | D:5      | Reached skill level 7 in Long Blades
  3733 | D:5      | Found a runed translucent door.
  3734 | D:5      | Noticed Crazy Yiuf
  3830 | D:5      | Found a runed translucent gate.
  3836 | D:5      | Found a runed translucent gate.
  3836 | D:5      | Found a runed translucent gate.
  3836 | D:5      | Noticed buddhastalin's ghost (novice DsBe)
  3969 | D:5      | Noticed a shadow
  3975 | D:5      | Killed a shadow
  4371 | D:5      | Killed Crazy Yiuf
  4656 | D:6      | Found an iron altar of Okawaru.
  4683 | D:6      | Reached **** piety under Hepliaklqana
  4711 | D:6      | Reached XP level 8. HP: 63/63 MP: 7/7
  4720 | D:6      | Reached skill level 8 in Long Blades
  4859 | D:6      | Found a staircase to the Ecumenical Temple.
  5043 | D:6      | Reached skill level 5 in Armour
  5274 | D:6      | Noticed MrSquiggles's ghost (amateur OpDe)
  5308 | D:6      | Found a runed translucent gate.
  5308 | D:6      | Found a runed translucent gate.
  5308 | D:6      | Found a runed translucent gate.
  5368 | D:6      | Reached skill level 9 in Long Blades
  5374 | D:6      | Killed MrSquiggles's ghost
  5908 | D:7      | Reached ***** piety under Hepliaklqana
  5937 | D:7      | Reached XP level 9. HP: 44/71 MP: 4/8
  6026 | D:7      | Found a blossoming altar of Fedhas.
  6181 | D:7      | Noticed Joseph
  6189 | D:7      | Killed Joseph
  6190 | D:7      | Reached skill level 10 in Long Blades
  6992 | D:8      | Reached skill level 11 in Long Blades
  7070 | D:8      | Noticed Grum
  7078 | D:8      | Killed Grum
  7195 | D:8      | Found a sparkling altar of Nemelex Xobeh.
  7290 | D:8      | Noticed a troll
  7297 | D:8      | Killed a troll
  7298 | D:8      | Reached XP level 10. HP: 44/81 MP: 3/9
  7572 | D:8      | Found a glowing golden altar of the Shining One.
  7844 | D:8      | Noticed Psyche
  7852 | D:8      | Killed Psyche
  8237 | D:9      | Reached skill level 12 in Long Blades
  8274 | D:9      | Noticed a two-headed ogre
  8284 | D:9      | Killed a two-headed ogre
  8486 | D:9      | Noticed a gargoyle
  8502 | D:9      | Killed a gargoyle
  8672 | D:9      | Reached skill level 13 in Long Blades
  8735 | D:9      | Found a staircase to the Lair.
  8831 | D:10     | Entered Level 10 of the Dungeon
  8966 | D:10     | Identified a scroll of acquirement
  8966 | D:10     | Acquired a manual of Long Blades
  9115 | D:10     | Found a runed translucent door.
  9118 | D:10     | Identified the +7 spear "Beprog" {pain, rC+}
  9118 | D:10     | Noticed patfeehan111222's ghost (novice MiBe)
  9329 | D:10     | a yak changed into a glowing shapeshifter
  9329 | D:10     | Noticed a glowing shapeshifter (glowing shapeshifter)
  9330 | D:10     | a glowing shapeshifter changed into a steelbarb worm
  9330 | D:10     | Noticed a steelbarb worm (glowing shapeshifter)
  9332 | D:10     | a steelbarb worm changed into a skyshark
  9332 | D:10     | Noticed a skyshark (glowing shapeshifter)
  9339 | D:10     | a skyshark changed into a mana viper
  9339 | D:10     | Noticed a mana viper (glowing shapeshifter)
  9341 | D:10     | a mana viper changed into a skyshark
  9341 | D:10     | Noticed a skyshark (glowing shapeshifter)
  9402 | D:9      | Reached XP level 11. HP: 74/89 MP: 8/10
  9414 | D:10     | a redback changed into a skyshark
  9414 | D:10     | Noticed a skyshark (glowing shapeshifter)
  9421 | D:10     | a skyshark changed into a dream sheep
  9839 | D:11     | Reached skill level 10 in Fighting
  9839 | D:11     | Reached skill level 14 in Long Blades
  9858 | D:11     | Noticed a purple ugly thing
  9991 | D:11     | Killed a purple ugly thing
 10049 | D:11     | Noticed a boulder beetle
 10063 | D:11     | Killed a boulder beetle
 10369 | D:11     | Found Tegigox's Antique Weapon Emporium.
 10425 | D:11     | Found Okhuxt's Weapon Shoppe.
 10427 | D:11     | Found a staircase to the Orcish Mines.
 10442 | D:11     | Reached skill level 15 in Long Blades
 10693 | D:11     | Noticed Snorg
 10999 | D:10     | Killed Snorg
 11107 | D:10     | Reached skill level 10 in Armour
 11473 | D:12     | Reached skill level 16 in Long Blades
 11473 | D:12     | Reached skill level 10 in Dodging
 12202 | D:12     | Reached ****** piety under Hepliaklqana
 12632 | D:13     | Reached XP level 12. HP: 19/99 MP: 3/11
 13139 | D:13     | Reached skill level 17 in Long Blades
 13380 | D:13     | Noticed an eight-headed hydra
 13388 | D:13     | Killed an eight-headed hydra
 13397 | D:13     | Noticed a centaur warrior
 13417 | D:13     | Killed a centaur warrior
 14511 | D:13     | Noticed Erolcha
 14521 | D:13     | Killed Erolcha
 14522 | D:13     | Reached skill level 1 in Shields
 14785 | D:14     | Reached skill level 18 in Long Blades
 14795 | D:14     | Upgraded the game from 0.30-a0-900-g23479c02f2 to
                  | 0.30-a0-918-g0ff054e9dc
 14809 | D:14     | Noticed a two-headed ogre
 14821 | D:14     | Killed a two-headed ogre
 14846 | D:14     | Found a gate to the Vaults.
 14936 | D:14     | Found a gate leading to a gauntlet.
 14942 | Gauntlet | Entered a Gauntlet
 14942 | Gauntlet | Found a transporter.
 14949 | Gauntlet | Found a transporter.
 14953 | Gauntlet | Found a transporter.
 14962 | Gauntlet | Found a transporter.
 14965 | Gauntlet | Found a transporter.
 14972 | Gauntlet | Noticed a death scarab
 14974 | Gauntlet | Found a transporter.
 14977 | Gauntlet | Found a transporter.
 14985 | Gauntlet | Found a transporter.
 14989 | Gauntlet | Found a transporter.
 14997 | Gauntlet | Found a transporter.
 15018 | Gauntlet | Found a transporter.
 15030 | Gauntlet | Found a transporter.
 15043 | Gauntlet | Found a transporter.
 15057 | Gauntlet | Found a transporter.
 15291 | Gauntlet | Identified the +8 chain mail of the Abyss {rN+}
 15291 | Gauntlet | Noticed a minotaur
 15306 | Gauntlet | Killed a minotaur
 15311 | Gauntlet | Identified the +1 sling "Giant's Funeral" {drain, *Slow
                  | Int+5}
 15564 | D:14     | Noticed a centaur warrior
 15578 | D:14     | Killed a centaur warrior
 15579 | D:14     | Reached skill level 5 in Shields
 15825 | D:14     | Noticed a five-headed hydra
 15831 | D:14     | Killed a one-headed hydra
 15895 | D:14     | Found a glowing golden altar of the Shining One.
 16130 | D:14     | Noticed a tengu warrior
 16130 | D:14     | Noticed a tengu warrior
 16140 | D:14     | Reached XP level 13. HP: 70/106 MP: 7/12
 16388 | D:15     | Entered Level 15 of the Dungeon
 16391 | D:15     | Found Pelaecve's Distillery.
 16397 | D:15     | Bought a potion of flight for 57 gold pieces
 16397 | D:15     | Bought a potion of attraction for 57 gold pieces
 16397 | D:15     | Bought a potion of invisibility for 152 gold pieces
 16397 | D:15     | Bought a potion of might for 76 gold pieces
 16397 | D:15     | Bought a potion of might for 76 gold pieces
 16397 | D:15     | Bought a potion of curing for 57 gold pieces
 16559 | D:15     | Noticed a fire dragon
 16568 | D:15     | Killed a fire dragon
 16700 | D:15     | Found an opulent altar of Gozag.
 16769 | D:15     | Reached skill level 19 in Long Blades
 17445 | Lair:1   | Entered Level 1 of the Lair of Beasts
 17611 | Lair:1   | Found a dark tunnel.
 17616 | Volcano  | Entered a volcano
 18005 | Volcano  | Found a burning altar of Makhleb.
 18734 | Lair:1   | Noticed Fannar
 18749 | Lair:1   | Killed Fannar
 19289 | Lair:2   | Found a staircase to the Shoals.
 19420 | Lair:2   | Reached skill level 10 in Shields
 19420 | Lair:2   | Reached XP level 14. HP: 104/116 MP: 13/13
 20427 | Lair:3   | Found a hole to the Spider Nest.
 22759 | Lair:4   | Found a runed translucent door.
 23139 | Lair:4   | Identified the +1 halberd "Beastslayer" {heavy, rF+ Str+4}
 23214 | Lair:5   | Entered Level 5 of the Lair of Beasts
 23236 | Lair:5   | Reached XP level 15. HP: 119/125 MP: 14/14
 23318 | Lair:5   | Found a viscous altar of Jiyva.
 23320 | Lair:5   | Found a staircase to the Slime Pits.
 23399 | Lair:5   | Noticed Nessos
 23410 | Lair:5   | Killed Nessos
 24410 | Lair:5   | Reached skill level 15 in Fighting
 24778 | Lair:5   | Found an ornate altar of the Wu Jian Council.
 25251 | Orc:1    | Entered Level 1 of the Orcish Mines
 25253 | Orc:1    | Noticed Sonja
 25265 | D:11     | Killed Sonja
 25841 | Orc:1    | Found a runed translucent door.
 26262 | Orc:2    | Entered Level 2 of the Orcish Mines
 26262 | Orc:2    | Found a staircase to the Elven Halls.
 27425 | Orc:2    | Reached skill level 15 in Armour
 27573 | Orc:2    | Reached skill level 15 in Shields
 27663 | Orc:2    | Found Onew's Antique Weapon Boutique.
 27663 | Orc:2    | Found Nastann's Armour Emporium.
 27665 | Orc:2    | Found Ytikh's Antique Weapon Shoppe.
 27667 | Orc:2    | Found Arhep's Weapon Shop.
 27671 | Orc:2    | Bought a +1 kite shield of positive energy for 162 gold
                  | pieces
 28051 | Spider:1 | Entered Level 1 of the Spider Nest
 28112 | Spider:1 | Reached skill level 1 in Evocations
 29463 | Spider:1 | Found a runed translucent gate.
 29463 | Spider:1 | Found a runed translucent gate.
 29465 | Spider:1 | Found a runed translucent gate.
 29468 | Spider:1 | Noticed monoptic's ghost (adept FoFi)
 29668 | Spider:2 | Found a frozen archway.
 29682 | Spider:2 | Slain by a spark wasp

Illustrated notes

Levels and vault maps discovered:
D:1:      minmay_arrival_stair_chambers, layout_basic
D:2:      layout_loops_corners, st_stairs_9, minmay_misc_feat_tiny, uniq_terence
D:3:      layout_basic, hellmonk_ecumenical_altar_dog_temple,
          amcnicky_mini_corridor_feature, minmay_misc_feat_doors, minivault_27,
          minmay_misc_feat_enclosed
D:4:      layout_basic, corner_web_ring
D:5:      layout_basic, gammafunk_ghost_nasty_kobolds, minmay_starry_boxes,
          uniq_crazy_yiuf_cottage
D:6:      layout_cave_pods, mainiacjoe_overflow_brackets,
          minmay_temple_entry_grid, gammafunk_ghost_icy
D:7:      layout_loops_corners, amcnicky_altar_gilded, uniq_joseph
D:8:      layout_basic, kennysheep_little_box, mainiacjoe_overflow_boulevard,
          uniq_psyche, uniq_grum
D:9:      layout_gridville, david_lair_generic
D:10:     layout_rooms, ebering_ghost_funeral_grove,
          chequers_serial_rivers_micro_b
D:11:     layout_rooms, orc_david_3, serial_shops, shop_fountains, uniq_snorg
D:12:     layout_loops_ring
D:13:     layout_basic, special_room [special_room_bee],
          minmay_misc_feat_hallway, lemuel_nasty_fountain, uniq_erolcha
D:14:     layout_stronghold, david_vaults_4, gauntlet_entry_generic,
          nicolae_tso_carved_into_rock
D:15:     grunt_enter_depths_magical_seal, layout_grid_maze, serial_shops, shop,
          nicolae_gozag_cash_rules_everything_around_me, uniq_jorgrun
Lair:1:   layout_layer_cave, enter_volcano_4, grunt_megastairs_5,
          lemuel_fruit_tree, serial_bayou_shore_a, uniq_fannar
Lair:2:   layout_cave_pods, shoals_dummy_entry, beast_lair_carwin_4
Lair:3:   lemuel_ratsnest, layout_small_grid,
          hellmonk_spider_entry_not_the_bees, grunt_forest_stairs_clearing
Lair:4:   gammafunk_lair_enchanted_lake, layout_regular_city,
          gammafunk_lair_bear_cave
Lair:5:   due_jungle_book, layout_loops_ring, nicolae_slime_entry_field_trip,
          basic_altar, uniq_nessos
Spider:1: layout_cave_pods, gammafunk_ghost_necromancy
Spider:2: nicolae_spider_hilbert_zone_4 [nicolae_spider_hilbert_4_sides_2_open,
          nicolae_spider_hilbert_4_sides_1_open,
          nicolae_spider_hilbert_4_sides_1_open,
          nicolae_spider_hilbert_4_sides_1_open,
          nicolae_spider_hilbert_4_sides_1_open,
          nicolae_spider_hilbert_2_sides_1_open,
          nicolae_spider_hilbert_2_sides_1_open,
          nicolae_spider_hilbert_2_sides_1_open,
          nicolae_spider_hilbert_2_sides_1_open,
          nicolae_spider_hilbert_6_sides_1_open,
          nicolae_spider_hilbert_6_sides_1_open,
          nicolae_spider_hilbert_3_sides_1_open,
          nicolae_spider_hilbert_3_sides_1_open], special_room,
          portal_ice_cave_entry_pillars_three
Orc:1:    layout_caves, lightli_church_of_beogh, uniq_sonja
Orc:2:    st_orc_rangers, layout_caves

Skill      XL: |  1  2  3  4  5  6  7  8  9 10 11 12 13 14 15 |
---------------+----------------------------------------------+-----
Long Blades    | 4 5 6 7 9 11 13 16 18 19 | 19.6
Armour         | 1 2 3 4 6 7 9 10 11 12 14 15 | 15.3
Fighting       | 4 5 6 7 8 9 11 12 13 14 15 | 15.6
Dodging        | 4 5 6 7 9 10 11 12 13 14 | 14.6
Shields        | 6 10 13 15 | 15.0
Evocations     | 3 |  3.1
Stealth        | |  1.5

Action                     |  1- 3 |  4- 6 |  7- 9 | 10-12 | 13-15 || total
---------------------------+-------+-------+-------+-------+-------++-------
  Melee: Long sword        |    62 |    99 |   177 |   362 |       ||   700
         Headbutt          |    11 |    14 |    31 |   121 |   301 ||   478
         Punch             |       |       |     3 |     5 |       ||     8
         Scimitar          |       |       |       |   130 |  1176 ||  1306
 Invoke: Ancestor Life: Ba |       |     1 |       |       |       ||     1
         Recall Ancestor   |       |     1 |     1 |     3 |     3 ||     8
  Evoke: Wand              |       |       |     3 |     2 |     5 ||    10
    Use: Potion            |       |       |     1 |     2 |     4 ||     7
         Scroll            |       |       |       |    15 |    15 ||    30
   Stab: Sleeping          |     5 |       |       |       |       ||     5
         Distracted        |       |     1 |     4 |     6 |    25 ||    36
         Paralysed         |       |       |     4 |     7 |     2 ||    13
         Confused          |       |       |       |     2 |       ||     2
         Petrified         |       |       |       |     3 |       ||     3
 Armour: Robe              |     7 |     3 |       |       |       ||    10
         Chain mail        |       |    60 |   114 |   321 |   544 ||  1039
         Ring mail         |       |    13 |       |       |       ||    13
  Dodge: Dodged            |    35 |    49 |    94 |   296 |   486 ||   960
  Block: Kite shield       |       |       |       |    46 |  1155 ||  1201
         Reflection        |       |       |       |       |    86 ||    86

Table legend: (Time is in decaauts)
 A = Elapsed time spent in this place.
 B = Non-inter-level travel time spent in this place.
 C = Inter-level travel time spent in this place.
 D = Time resting spent in this place.
 E = Time spent auto-exploring this place.
 F = Levels seen in this place.
 G = Mean time per level.
                   A        B        C        D        E       F      G
               +--------+--------+--------+--------+--------+-----+--------+
         Total |  29489 |  27686 |   1803 |   8900 |  13488 |  26 | 1134.2 |
       Dungeon |  17243 |  15961 |   1282 |   5278 |   8243 |  15 | 1149.5 |
          Lair |   7325 |   6917 |    408 |   1789 |   3795 |   5 | 1465.0 |
   Spider Nest |   1211 |   1183 |     28 |    438 |    462 |   2 |  605.5 |
  Orcish Mines |   2376 |   2293 |     83 |    960 |    832 |   2 | 1188.0 |
       Volcano |    822 |    822 |      0 |    335 |     62 |   1 |  822.0 |
      Gauntlet |    510 |    510 |      0 |    100 |     94 |   1 |  510.0 |
               +--------+--------+--------+--------+--------+-----+--------+

Top non-repeatable levels by time:
  Lair:3: 1915 daAuts
  Lair:5: 1851 daAuts
    D:12: 1760 daAuts
   Orc:1: 1581 daAuts
    D:11: 1446 daAuts
  Lair:4: 1434 daAuts
     D:6: 1417 daAuts
    D:10: 1401 daAuts
    D:13: 1390 daAuts
     D:8: 1267 daAuts
Spider:1: 1199 daAuts
    D:14: 1145 daAuts
  Lair:2: 1112 daAuts
     D:1: 1101 daAuts
     D:2: 1084 daAuts
